 Dungeon Crawl Stone Soup version 0.26.1-2-gb8aa6d0cf2 (webtiles) character file.

Game seed: 16997582030967293792

23 Descartes the Magician (level 2, 0/15 HPs)
             Began as a Deep Elf Wanderer on Mar 28, 2021.
             Slain by a goblin
             ... wielding a +0 dagger
              (3 damage)
             ... on level 1 of the Dungeon.
             The game lasted 00:02:26 (1047 turns).

Descartes the Magician (Deep Elf Wanderer)          Turns: 1047, Time: 00:02:27

Health: 0/15       AC:  3    Str:  9    XL:     2   Next: 72%
Magic:  3/10       EV: 10    Int: 17    God:
Gold:   62         SH:  0    Dex: 13    Spells: 11/12 levels left

rFire    . . .     SeeInvis .   a - +0 dagger
rCold    . . .     Faith    .   (no shield)
rNeg     . . .     Spirit   .   f - +0 leather armour
rPois    .         Reflect  .   (no helmet)
rElec    .         Harm     .   (no cloak)
rCorr    .         Rampage  .   (no gloves)
Will     .....                  (no boots)
Stlth    +.........             (no amulet)
HPRegen  0.05/turn              (no ring)
MPRegen  0.12/turn              (no ring)

@: very slightly contaminated
A: no striking features
a: no special abilities


You were on level 1 of the Dungeon.
You visited 1 branch of the dungeon, and saw 1 of its levels.

You collected 62 gold pieces.

Inventory:

Hand Weapons
 a - a +0 dagger (weapon)
Missiles
 b - 27 stones
Armour
 d - a +0 robe
 f - a +0 leather armour (worn)
Wands
 e - a wand of paralysis (15)
Scrolls
 c - a scroll of immolation {unknown}
Potions
 g - a potion of might {unknown}


   Skills:
 - Level 1.2 Stealth
 - Level 5.8 Spellcasting
 - Level 1.1 Conjurations
 - Level 1.1 Summonings
 + Level 1.8 Transmutations
 - Level 2.0 Air Magic
 + Level 1.7 Poison Magic
 - Level 1.1 Evocations


You had 11 spell levels left.
You knew the following spells:

 Your Spells              Type           Power        Failure   Level
a - Sting                 Tmut/Pois      44%          9%          1

Your spell library contained the following spells:

 Spells                   Type           Power        Failure   Level
 Corpse Rot               Necr/Air       N/A          19%         2
 Sublimation of Blood     Necr           2%           28%         2
 Ignite Poison            Fire/Tmut/Pois 9%           32%         3


Dungeon Overview and Level Annotations

Branches:
Dungeon (1/15)

Altars:


Message History

The sting hits the bat.
The bat is poisoned.
You kill the bat!
The goblin hits you with a +0 dagger.
* * * LOW HITPOINT WARNING * * *
Casting: Sting (safe; 9% risk of failure)
Confirm with . or Enter, or press ? or * to list all spells.
Aiming: Sting (safe; 9% risk of failure)
Press: ? - help, Shift-Dir - straight line, f - hobgoblin
Aim: a hobgoblin (29% to evade)
You miscast Sting.
Nothing appears to happen.
The hobgoblin hits you.
* * * LOW HITPOINT WARNING * * *
The goblin barely misses you.
Casting: Sting (safe; 9% risk of failure)
Confirm with . or Enter, or press ? or * to list all spells.
Aiming: Sting (safe; 9% risk of failure)
Press: ? - help, Shift-Dir - straight line, f/p - hobgoblin
Aim: a hobgoblin (29% to evade)
The sting hits the hobgoblin but does no damage.
The hobgoblin is poisoned.
The goblin hits you with a +0 dagger.
You die...

#####....†....†.....
#.......############
#.###.#.# #...
####.###.#.#########...
....#..>..............
#.g...........####...
#.w...........# #...
##...........# #...
#g@†........######. .
#gg#####[..........
.gg.##g.#####...........
#.g†....##...........
#.#.....##...........
...#.....##........)..
### #....>##...........
......##.........##
##.....##.........#


You could see a dart slug, 3 hobgoblins and 3 goblins.

Vanquished Creatures
  A leopard gecko (D:1)
  2 giant cockroaches (D:1)
  3 goblins (D:1)
  4 hobgoblins (D:1)
  A kobold (D:1)
  4 bats (D:1)
  3 frilled lizards (D:1)
  2 rats (D:1)
20 creatures vanquished.

Notes
Turn   | Place    | Note
-------+----------+-------------------------------------------
     0 | D:1      | Descartes the Deep Elf Wanderer began the quest for the
                  | Orb.
     0 | D:1      | Descartes set off with the following items: a +0 dagger, a
                  | +0 robe, a wand of paralysis (15); and the following spell
                  | memorised: Sting; and the following spells available to
                  | memorise: Corpse Rot, Sublimation of Blood, Ignite Poison
     0 | D:1      | Reached XP level 1. HP: 10/10 MP: 9/9
   343 | D:1      | Reached skill level 1 in Transmutations
   343 | D:1      | Reached skill level 1 in Poison Magic
   382 | D:1      | Reached XP level 2. HP: 15/15 MP: 7/10
  1047 | D:1      | Slain by a goblin

Illustrated notes

Levels and vault maps discovered:
D:1:      matt_arrival_spirals, layout_basic, minmay_misc_feat_tiny,
          nrook_mini_vaults, minmay_hexomino_c4

Skill      XL: |  1 |
---------------+----+-----
Transmutations | 1 |  1.8
Poison Magic   | 1 |  1.7
Stealth        | |  1.2
Spellcasting   | |  5.8
Conjurations   | |  1.1
Summonings     | |  1.1
Air Magic      | |  2.0
Evocations     | |  1.1

Action                   || total
-------------------------++-------
Melee: Dagger            ||     2
 Cast: Sting             ||    43
Armor: Leather armour    ||     7
Dodge: Dodged            ||     7
